 Dungeon Crawl Stone Soup version 0.30-a0-709-gcdc1b43e22 (webtiles) character file.

Game seed: 8002602570876543637

44 Dartaoz the Poker (level 3, -4/29 HPs)
             Began as a Merfolk Fighter on Jan 22, 2023.
             Slain by a worm (9 damage)
             ... on level 2 of the Dungeon.
             The game lasted 00:02:27 (1004 turns).

Dartaoz the Poker (Merfolk Fighter)                 Turns: 1004, Time: 00:02:27

Health: -4/29      AC:  6    Str: 18    XL:     3   Next: 60%
Magic:  3/3        EV:  9    Int:  7    God:
Gold:   47         SH:  4    Dex: 13    Spells: 2/2 levels left

rFire   . . .      SeeInvis .    a - +0 trident
rCold   . . .      Faith    .    c - +0 buckler
rNeg    . . .      Spirit   .    b - +0 scale mail
rPois   .          Reflect  .    (no helmet)
rElec   .          Harm     .    (no cloak)
rCorr   .          Rampage  .    (no gloves)
Will    .....                    (no boots) Stlth
                                 (no amulet)
HPRegen 0.24/turn                (no ring)
MPRegen 0.08/turn                (no ring)

@: no status effects
A: (nimble swimmer 2), mertail
a: no special abilities


You were on level 2 of the Dungeon.
You visited 1 branch of the dungeon, and saw 2 of its levels.

You collected 47 gold pieces.

Inventory:

Hand Weapons
 a - a +0 trident (weapon)
Armour
 b - a +0 scale mail (worn)
 c - a +0 buckler (worn)
Scrolls
 e - a scroll of teleportation {unknown}
 k - a scroll of blinking {unknown}
Potions
 d - a potion of might
 f - 2 potions of flight {unknown}
 g - 2 potions of mutation {unknown}
 h - a potion of lignification {unknown}
 i - 2 potions of berserk rage {unknown}
 j - 2 potions of curing {unknown}
 l - a potion of degeneration {unknown}


   Skills:
 - Level 3.2 Fighting
 + Level 5.2 Polearms
 - Level 2.1 Armour
 - Level 3.0 Shields


You had 2 spell levels left.
You didn't know any spells.
Your spell library contained the following spells:

 Spells                   Type           Power      Damage    Failure   Level
 Necrotise                Necr           0%         1d4       89%         1
 Vampiric Draining        Necr           0%         2d6       99%         3
 Agony                    Necr           0%         N/A       100%        5


Dungeon Overview and Level Annotations

Branches:
Dungeon (2/15)

Altars:


Innate Abilities, Weirdness & Mutations

((You are very nimble when in or above water. (Stealth+, EV+, Speed+++)))
Your lower body shifts to a powerful aquatic tail in water.


Message History

You are poisoned.
The adder poisons you! The worm completely misses you.
You miss the adder.
You feel sick. The adder bites you but does no damage.
The adder closely misses you.
You closely miss the adder.
You feel sick. The worm bites you. The adder bites you but does no damage.
You hit the adder.
The adder is lightly wounded.
You feel sick. You block the adder's attack.
The worm bites you but does no damage.
You closely miss the adder.
The adder is lightly wounded.
You feel sick.
You are no longer poisoned.
The adder bites you but does no damage. The adder bites you.
You hit the adder.
The adder is heavily wounded.
You block the adder's attack. The worm bites you but does no damage.
You hit the adder.
You kill the adder!
The worm bites you.
Your Polearms skill increases to level 5!
You are too injured to fight recklessly!
You are too injured to fight recklessly!
You are too injured to fight recklessly!
You hit the worm but do no damage. You puncture the worm!
The worm is heavily wounded.
The worm bites you.
* * * LOW HITPOINT WARNING * * *
You hit the worm.
The worm is heavily wounded.
The worm bites you.
* * * LOW HITPOINT WARNING * * *
You hit the worm.
The worm is heavily wounded.
You hit the worm.
The worm is severely wounded.
The worm bites you!
You die...

.........#
.........####### .......
.........##....# .......
.........##....# .......
.........##....# .......
.#.....####....# .......
#.[.....##....# .......
#.....#.......##.......
#..............@w..#
#..)..........#....#
#..........####.#### #..
#.....###### #...## #..
#[....###########.. #..
#................## #..
##................### #..
.........................
#..
...####...........##...#.
###..


You could see a worm.

Vanquished Creatures
  An adder (D:2)
  A worm (D:2)
  4 bats
  2 endoplasms
  2 giant cockroaches (D:1)
  2 goblins
  6 hobgoblins (D:1)
  A quokka (D:1)
  2 ball pythons
  A frilled lizard (D:2)
  4 kobolds (D:1)
  4 rats (D:1)
30 creatures vanquished.

Notes
Turn   | Place    | Note
-------+----------+-------------------------------------------
     0 | D:1      | Dartaoz the Merfolk Fighter began the quest for the Orb.
     0 | D:1      | Reached XP level 1. HP: 18/18 MP: 1/1
    17 | D:1      | Reached skill level 3 in Polearms
   230 | D:1      | Reached XP level 2. HP: 24/24 MP: 2/2
   297 | D:1      | Reached skill level 4 in Polearms
   503 | D:1      | Reached XP level 3. HP: 28/29 MP: 3/3
  1000 | D:2      | Reached skill level 5 in Polearms
  1004 | D:2      | Slain by a worm

Illustrated notes

Levels and vault maps discovered:
D:1:      minmay_arrival_jagged, layout_loops_ring
D:2:      layout_basic

Skill      XL: |  1  2  3 |
---------------+----------+-----
Polearms       | 3 4 5 |  5.2
Fighting       | |  3.2
Armour         | |  2.1
Shields        | |  3.0

Action                     || total
---------------------------++-------
  Melee: Trident           ||   102
 Armour: Scale mail        ||    36
  Dodge: Dodged            ||    20
  Block: Buckler           ||    14

Table legend: (Time is in decaauts)
 A = Elapsed time spent in this place.
 B = Non-inter-level travel time spent in this place.
 C = Inter-level travel time spent in this place.
 D = Time resting spent in this place.
 E = Time spent auto-exploring this place.
 F = Levels seen in this place.
 G = Mean time per level.
                   A        B        C        D        E       F      G
               +--------+--------+--------+--------+--------+-----+--------+
         Total |   1017 |    999 |     18 |      0 |    789 |   2 |  508.5 |
       Dungeon |   1017 |    999 |     18 |      0 |    789 |   2 |  508.5 |
               +--------+--------+--------+--------+--------+-----+--------+

Top non-repeatable levels by time:
     D:1: 799 daAuts
     D:2: 218 daAuts
